 Dungeon Crawl Stone Soup version 0.27.1-4-g1640c2035a (console) character file.

Game seed: 9127428102037491045

5690 om the Thaumaturge (level 10, -2/83 HPs)
             Began as a Pale Draconian Fire Elementalist on Oct 29, 2021.
             Was an Initiate of Gozag.
             Slain by a troll (15 damage)
             ... on level 8 of the Dungeon on Nov 3, 2021.
             The game lasted 00:31:12 (14512 turns).

om the Thaumaturge (DrFE)                          Turns: 14512, Time: 00:31:13

Health: -2/83      AC:  9    Str: 13    XL:     10   Next: 47%
Magic:  0/22       EV: 14    Int: 17    God:    Gozag
Gold:   793        SH:  0    Dex: 11    Spells: 17/25 levels left

rFire    + . .     SeeInvis .   a - +1 dagger
rCold    . . .     Faith    .   (no shield)
rNeg     . . .     Spirit   .   (armour unavailable)
rPois    .         Reflect  .   (helmet restricted)
rElec    .         Harm     .   (no cloak)
rCorr    .         Rampage  .   f - +1 pair of gloves
Will     .....                  (no boots)
Stlth    ++........             (no amulet)
HPRegen  0.23/turn              l - ring of protection from fire
MPRegen  0.18/turn              (no ring)

@: about to teleport
A: breathe steam, AC +7, unfitting armour, cold-blooded, steam resistance
a: Breathe Steam, Renounce Religion, Potion Petition, Call Merchant, Bribe
Branch


You were on level 8 of the Dungeon.
You worshipped Gozag.
Gozag was pleased with you.
You visited 1 branch of the dungeon, and saw 8 of its levels.

You collected 873 gold pieces.
You paid 80 gold pieces to Gozag.

Inventory:

Hand Weapons
 a - a +1 dagger (weapon)
 u - a +1 whip of flaming
Armour
 f - a +1 pair of gloves (worn)
Jewellery
 c - a ring of fire
 l - a ring of protection from fire (left hand)
 w - an amulet of reflection
 z - a ring of flight
Wands
 e - a wand of acid (6)
 h - a wand of flame (39)
 s - a wand of iceblast (11)
Scrolls
 d - 3 scrolls of teleportation
 i - 2 scrolls of fog
 m - a scroll of magic mapping
 t - a scroll of silence {unknown}
 v - a scroll of immolation {unknown}
 y - 2 scrolls of blinking
Potions
 b - 2 potions of berserk rage
 g - 5 potions of curing
 j - 2 potions of flight
 k - 2 potions of brilliance
 o - a potion of invisibility
 x - a potion of resistance


   Skills:
 - Level 6.0 Fighting
 - Level 3.0 Short Blades
 * Level 7.9 Dodging
 - Level 3.0 Stealth
 - Level 8.0 Spellcasting
 - Level 5.0 Conjurations
 - Level 6.0 Fire Magic
 - Level 4.0 Evocations


You had 17 spell levels left.
You knew the following spells:

 Your Spells              Type           Power      Damage    Failure   Level
a - Foxfire               Conj/Fire      100%       2x1d9     1%          1
b - Conjure Flame         Conj/Fire      25%        6-21      3%          3
c - Sticky Flame          Conj/Fire      25%        2d5       11%         4

Your spell library contained the following spells:

 Spells                   Type           Power      Damage    Failure   Level
 Inner Flame              Hex/Fire       17%        N/A       9%          3
 Freeze                   Ice            24%        1d5       11%         1
 Ignite Poison            Fire/Tmut/Pois 13%        N/A       14%         3
 Frozen Ramparts          Ice            12%        1d3       30%         3
 Gell's Gravitas          Tloc           3%         N/A       30%         3
 Ozocubu's Armour         Ice            6%         N/A       30%         3
 Teleport Other           Tloc           6%         N/A       30%         3
 Fireball                 Conj/Fire      12%        3d7       30%         5
 Hailstorm                Conj/Ice       15%        3d5       36%         4
 Dispersal                Tloc           3%         N/A       100%        6
 Malign Gateway           Summ/Tloc      3%         N/A       100%        7
 Ozocubu's Refrigeration  Ice            3%         4d5       100%        7
 Summon Horrible Things   Summ           3%         N/A       100%        8


Dungeon Overview and Level Annotations

Branches:
Dungeon (8/15)             Temple (0/1) D:5
   Lair: D:8-11

Altars:
Cheibriados
Elyvilon
Gozag
Nemelex Xobeh
Uskayaw
Wu Jian
The Shining One

Shops:
D:1 (


Innate Abilities, Weirdness & Mutations

You can breathe blasts of scalding, opaque steam.
Your pale cyan-grey scales are hard. (AC +7)
You cannot fit into any form of body armour.
You are cold-blooded and may be slowed by cold attacks.
You are immune to the effects of steam.


Message History

You conjure some foxfire!
The gnoll sergeant hits you but does no damage.
Your foxfire dissipates!
The foxfire hits the gnoll shaman.
The gnoll shaman is moderately wounded.
The gnoll shaman zaps a wand.
The mass of ice explodes!
The iceblast engulfs you!!
You hear a howl!
You hear a shout! x2
There is a huge open gate here.
Casting: Foxfire (safe; 1% risk of failure)
Press: ? - help, Q - select action, (/) - cycle Dir - look around, f - activate You conjure some foxfire!
The gnoll sergeant hits you from afar with a +0 antimagic spear.
You feel your power leaking away.
A warg comes into view.
The foxfire hits the gnoll shaman.
The gnoll shaman is moderately wounded.
The foxfire hits the gnoll shaman.
The gnoll shaman is moderately wounded.
The gnoll shaman zaps a wand.
The mass of ice explodes!
The iceblast engulfs you!
You hear a shout!
The warg bites you. The warg barely misses you. The warg completely misses you.
The warg bites you but does no damage.
The gnoll sergeant hits you from afar with a +0 antimagic spear.
You feel your power leaking away.
A gnoll shaman comes into view. It is wielding a +0 whip.
The warg barely misses you.
The gnoll sergeant hits you from afar with a +0 antimagic spear!
You feel your power leaking away.
As you read the scroll of teleportation, it crumbles to dust.
You feel strangely unstable. The warg bites you.
* * * LOW HITPOINT WARNING * * *
The gnoll sergeant hits you from afar with a +0 antimagic spear!
* * * LOW HITPOINT WARNING * * *
You feel your power leaking away.
A gnoll shaman comes into view. It is wielding a +0 club.
The troll bites you!
You die...
Your body crumbles into a pile of gold.

....#..$.#........ ##
#....#######'' #....# $ $.
#.g..#$ $ .. ≈ #....# #'###≈
######''''#############...#≈
......................#.o.#≈
≈≈≈≈≈≈....≈≈≈≈≈≈≈≈≈≈≈≈#####≈
≈≈≈≈≈≈...g≈≈≈≈≈≈≈≈≈≈≈≈≈≈≈≈≈≈
≈≈≈≈≈≈....gT≈≈)≈≈≈≈≈)≈≈≈≈≈≈≈
.....(...gh@...g.....)......
..##....#..######.#.#######.
## #....##... #.#..# #.
#.........# ..##..#####.
##.######..##.## #....#.. ..
..... ....... #.# .....
##..... .)... #..... ....
#..... #...# #.#...
#...###.#...


You could see a troll, a warg, a gnoll sergeant, 3 gnoll shamans and a gnoll.

Vanquished Creatures
  A two-headed ogre (D:8)
  Pikel (D:6)
  A cyclops (D:7)
  2 wyverns
  Sigmund (D:4)
  A steam dragon (D:8)
  2 vampire mosquitoes (D:7)
  Menkaure (D:7)
  2 water moccasins
  4 black bears
  3 necrophages
  A centaur (D:5)
  7 ogres
  A phantom (D:7)
  A lemure (D:6)
  A kobold brigand (D:8)
  2 bullfrogs
  A gnoll sergeant (D:8)
  3 scorpions
  A wyvern skeleton (D:6)
  8 killer bees
  A wight (D:8)
  3 howler monkeys
  A bullfrog zombie (D:7)
  3 centaur zombies
  2 hounds (D:7)
  3 orc priests
  A centaur skeleton (D:7)
  5 iguanas
  2 orc wizards
  A hound skeleton (D:4)
  A howler monkey skeleton (D:5)
  4 adders
  A gnoll (D:8)
  A shadow imp (D:7)
  A white imp (D:5)
  4 worms
  5 dart slugs (D:1)
  33 orcs
  5 bats
  7 endoplasms
  5 giant cockroaches
  8 goblins
  8 hobgoblins
  4 jackals (D:5)
  3 quokkas
  5 ball pythons
  4 frilled lizards
  5 kobolds
  9 rats
180 creatures vanquished.

Vanquished Creatures (collateral kills)
  An adder (D:4)
  An adder skeleton (D:4)
  An orc (D:4)
  2 goblins (D:4)
  2 foxfires (D:1)
7 creatures vanquished.

Vanquished Creatures (others)
  761 foxfires
  A fungus (D:5)
  A plant (D:8)
763 creatures vanquished.

Grand Total: 950 creatures vanquished

Notes
Turn   | Place    | Note
-------+----------+-------------------------------------------
     0 | D:1      | om the Draconian Fire Elementalist began the quest for the
                  | Orb.
     0 | D:1      | Reached XP level 1. HP: 14/14 MP: 3/3
   490 | D:1      | Reached XP level 2. HP: 20/20 MP: 0/5
   906 | D:1      | Found Ippe Axa's Weapon Shop.
  1619 | D:1      | Reached XP level 3. HP: 26/26 MP: 6/6
  3755 | D:2      | Learned a level 3 spell: Conjure Flame
  3857 | D:3      | Reached XP level 4. HP: 33/33 MP: 2/7
  4069 | D:3      | Found a sparkling altar of Nemelex Xobeh.
  4427 | D:3      | Found a faded altar of an unknown god.
  4568 | D:3      | Found a snail-covered altar of Cheibriados.
  4823 | D:3      | Found an ornate altar of the Wu Jian Council.
  5113 | D:4      | Noticed an ogre
  6044 | D:4      | Noticed an ogre
  6048 | D:4      | Killed an ogre
  6049 | D:4      | Reached XP level 5. HP: 38/38 MP: 0/9
  6230 | D:4      | Reached skill level 3 in Spellcasting
  6337 | D:4      | Noticed Sigmund
  6542 | D:3      | Found a sparkling altar of Nemelex Xobeh.
  6770 | D:3      | Found a snail-covered altar of Cheibriados.
  6795 | D:3      | Killed an ogre
  6796 | D:3      | Reached XP level 6. HP: 45/45 MP: 2/10
  7275 | D:4      | Killed Sigmund
  7692 | D:4      | Your scales start taking on a pale cyan-grey colour.
  7692 | D:4      | Reached XP level 7. HP: 42/50 MP: 5/12
  7692 | D:4      | Gained mutation: You are immune to the effects of steam.
                  | [Pale Draconian growth]
  8103 | D:5      | Entered Level 5 of the Dungeon
  8114 | D:5      | Found a staircase to the Ecumenical Temple.
  8175 | D:5      | Found a white marble altar of Elyvilon.
  8196 | D:5      | Reached skill level 4 in Spellcasting
  8507 | D:5      | Learned a level 4 spell: Sticky Flame
  8820 | D:3      | Found an ornate altar of the Wu Jian Council.
  9038 | D:5      | Reached skill level 5 in Dodging
  9296 | D:5      | Reached skill level 5 in Spellcasting
 10041 | D:6      | Found an opulent altar of Gozag.
 10054 | D:6      | Reached skill level 6 in Spellcasting
 10054 | D:6      | Reached XP level 8. HP: 52/57 MP: 14/17
 10084 | D:6      | Became a worshipper of Gozag Ym Sagoz the Greedy
 10287 | D:6      | Found a glowing golden altar of the Shining One.
 10361 | D:6      | Found a hide-covered altar of Uskayaw.
 10426 | D:6      | Reached skill level 7 in Spellcasting
 11208 | D:7      | Noticed Menkaure
 11209 | D:7      | Noticed Pikel
 11216 | D:7      | Killed Menkaure
 11217 | D:7      | Reached skill level 8 in Spellcasting
 11361 | D:6      | Killed Pikel
 11362 | D:6      | Reached skill level 5 in Fire Magic
 11362 | D:6      | Reached XP level 9. HP: 33/67 MP: 15/21
 12195 | D:7      | Noticed a cyclops
 12206 | D:7      | Killed a cyclops
 12207 | D:7      | Reached skill level 5 in Conjurations
 13074 | D:8      | Reached skill level 5 in Fighting
 13084 | D:7      | Reached skill level 1 in Short Blades
 13306 | D:8      | Reached XP level 10. HP: 61/81 MP: 10/22
 13315 | D:8      | Upgraded the game from 0.27.1-3-gb3d3a73c9e to
                  | 0.27.1-4-g1640c2035a
 13533 | D:8      | Noticed a two-headed ogre
 13571 | D:8      | Killed a two-headed ogre
 14512 | D:8      | Slain by a troll

Illustrated notes

Levels and vault maps discovered:
D:1:      scummos_arrival_checkerplants, layout_basic, serial_shops,
          nicolae_square_shop, serial_bayou_pond_e, minmay_misc_feat_room,
          eino_curves_03, minmay_bisected
D:2:      layout_basic
D:3:      layout_basic, general_overflow_altar, lemuel_round_altar,
          mainiacjoe_overflow_boulevard, shapermc_ecumenical_altar_starsandcircs
D:4:      layout_basic, uniq_sigmund
D:5:      layout_basic, elyvilon_altar_1, minmay_temple_entry_overgrown
D:6:      layout_loops_ring, mainiacjoe_overflow_concentric_impassable,
          grunt_gozag_statues, nicolae_uskayaw_murder_on_the_dancefloor,
          grunt_decor_fettered
D:7:      statuecave_lemuel, layout_gridville, minmay_misc_feat_ornament,
          minmay_microvault, uniq_menkaure, uniq_pikel
D:8:      lemuel_castle_with_subvaults [lemuel_castle_interior_carwin_2],
          layout_rooms, minmay_manual_moon

Skill      XL: |  1  2  3  4  5  6  7  8  9 10 |
---------------+-------------------------------+-----
Dodging        | 2 3 4 5 6 7 |  7.9
Stealth        | 2 3 |  3.0
Conjurations   | 2 3 5 |  5.0
Spellcasting   | 3 6 8 |  8.0
Fire Magic     | 4 5 6 |  6.0
Fighting       | 2 5 6 |  6.0
Evocations     | 4 |  4.0
Short Blades   | 2 3 |  3.0

Action                   |  1- 3 |  4- 6 |  7- 9 | 10-12 || total
-------------------------+-------+-------+-------+-------++-------
Melee: Unarmed           |    17 |       |       |       ||    17
       Tailslap          |    11 |     6 |     1 |     3 ||    21
       Dagger            |    82 |    56 |    26 |    13 ||   177
 Cast: Foxfire           |    73 |    89 |   196 |    80 ||   438
       Conjure Flame     |       |     1 |     2 |     3 ||     6
       Sticky Flame      |       |       |     8 |     5 ||    13
 Abil: Breathe Steam     |       |       |    15 |     5 ||    20
  Use: Scroll            |     2 |     5 |     4 |     9 ||    20
 Stab: Sleeping          |     2 |       |     1 |       ||     3
       Distracted        |     1 |       |       |     1 ||     2
Armor: Skin              |    40 |    36 |    44 |    23 ||   143
Dodge: Dodged            |    75 |    71 |   120 |    71 ||   337
